 Dungeon Crawl Stone Soup version 0.27.1-33-g824d729ab1 (webtiles) character file.

Game seed: 13319341538331248266

166 SensoryNuts the Vexing (level 5, -3/48 HPs)
             Began as an Ogre Arcane Marksman on Dec 6, 2021.
             Succumbed to an adder's poison
             ... on level 2 of the Dungeon.
             The game lasted 00:01:45 (1834 turns).

SensoryNuts the Vexing (Ogre Arcane Marksman)       Turns: 1834, Time: 00:01:45

Health: -3/48      AC:  3    Str: 15    XL:     5   Next: 47%
Magic:  6/6        EV: 10    Int: 14    God:
Gold:   76         SH:  0    Dex:  9    Spells: 5/6 levels left

rFire    + . .     SeeInvis .   i - +0 scythe
rCold    . . .     Faith    +   (shield currently unavailable)
rNeg     . . .     Spirit   .   a - +0 robe
rPois    .         Reflect  .   (helmet restricted)
rElec    .         Harm     .   (no cloak)
rCorr    .         Rampage  .   (gloves unavailable)
Will     .....                  (boots unavailable)
Stlth    +.........             d - amulet of faith
HPRegen  0.16/turn              e - ring of protection from fire
MPRegen  0.10/turn              (no ring)

@: lethally poisoned (-3 -> -18), about to teleport
A: large, unfitting armour, tough skin 1
a: no special abilities


You were on level 2 of the Dungeon.
You visited 1 branch of the dungeon, and saw 2 of its levels.

You collected 76 gold pieces.

Inventory:

Hand Weapons
 i - a +0 scythe (weapon)
Missiles
 h - a throwing net (quivered)
Armour
 a - a +0 robe (worn)
 j - a +0 robe
Jewellery
 d - an amulet of faith (around neck)
 e - a ring of protection from fire (left hand)


   Skills:
 + Level 1.5 Fighting
 + Level 3.2 Throwing
 + Level 2.5 Dodging
 + Level 0.4 Stealth
 + Level 1.0 Unarmed Combat
 + Level 1.2 Spellcasting
 + Level 4.1 Hexes


You had 5 spell levels left.
You knew the following spells:

 Your Spells              Type           Power      Damage    Failure   Level
a - Corona                Hex            13%        N/A       4%          1

Your spell library contained the following spells:

 Spells                   Type           Power      Damage    Failure   Level
 Slow                     Hex            12%        N/A       8%          2
 Inner Flame              Hex/Fire       6%         N/A       32%         3
 Portal Projectile        Hex/Tloc       12%        N/A       32%         3
 Summon Guardian Golem    Hex/Summ       6%         N/A       32%         3
 Cause Fear               Hex            6%         N/A       43%         4
 Orb of Destruction       Conj           0%         N/A       100%        7
 Spellforged Servitor     Conj/Summ      0%         N/A       100%        7


Dungeon Overview and Level Annotations

Branches:
Dungeon (2/15)

Altars:


Innate Abilities, Weirdness & Mutations

You are too large for most types of armour.
You have tough skin. (AC +1)


Message History

The adder bites you. The adder misses you.
You miss the adder. The adder closely misses you. The adder bites you.
You are poisoned.
The adder poisons you! The adder bites you.
You closely miss the adder.
You feel very sick. The adder bites you. x2
You miss the adder.
You feel sick. The adder bites you.
You are more poisoned.
The adder poisons you! The adder barely misses you. The adder bites you.
You are more poisoned.
The adder poisons you!
You hit the adder.
The adder is moderately wounded.
You feel very sick.
The adder misses you. x2; The adder bites you.
You are more poisoned.
The adder poisons you!
You closely miss the adder.
The adder is moderately wounded.
You feel very sick. The adder bites you.
* * * LOW HITPOINT WARNING * * *
You are lethally poisoned!
The adder poisons you! The adder bites you.
* * * LOW HITPOINT WARNING * * *
You are more poisoned.
The adder poisons you!
It was a potion of cancellation.
You feel magically purged.
* * * LOW HITPOINT WARNING * * *
You feel very sick. The adder misses you. x2
As you read the scroll labelled DUUTUYL PAYG, it crumbles to dust.
You assume a fearsome visage.
The adder looks frightened!
It was a scroll of fear.
* * * LOW HITPOINT WARNING * * *
You feel very sick.
As you read the scroll labelled CEUTUILUMM, it crumbles to dust.
You feel strangely unstable.
It was a scroll of teleportation.
You die...

#.# #.#
#.# #.#
#.# #.#
#.#
#.#######.
#.@.S....(
#########.


You could see an adder (fleeing).

Vanquished Creatures
  Sigmund (D:2)
  An adder (D:2)
  2 endoplasms (D:1)
  A giant cockroach (D:1)
  A goblin (D:1)
  3 hobgoblins (D:1)
  2 frilled lizards (D:1)
  A kobold (D:2)
12 creatures vanquished.

Notes
Turn   | Place    | Note
-------+----------+-------------------------------------------
     0 | D:1      | SensoryNuts the Ogre Arcane Marksman began the quest for
                  | the Orb.
     0 | D:1      | Reached XP level 1. HP: 19/19 MP: 2/2
   575 | D:1      | Reached skill level 3 in Hexes
   584 | D:1      | Reached XP level 2. HP: 23/27 MP: 3/3
  1473 | D:2      | Noticed Sigmund
  1476 | D:2      | Killed Sigmund
  1477 | D:2      | Reached skill level 1 in Unarmed Combat
  1477 | D:2      | Reached skill level 4 in Hexes
  1477 | D:2      | Reached XP level 3. HP: 29/33 MP: 4/4
  1477 | D:2      | Reached XP level 4. HP: 36/41 MP: 5/5
  1477 | D:2      | Reached XP level 5. HP: 43/48 MP: 6/6
  1833 | D:2      | HP: 1/48 [poisoned by an adder]
  1834 | D:2      | Succumbed to an adder's poison

Illustrated notes

Levels and vault maps discovered:
D:1:      wander_arrival_lonely_grave, layout_loops_corners,
          serial_co_window_serial, co_window_corner_a, co_window_paths_b,
          co_window_of_opportunity_a, co_window_paths_b, co_window_corner_a,
          co_window_cross_1, co_window_corner_ca, co_window_paths_c,
          co_window_broadway_a, co_window_unsneaky_path_b, co_window_corner_b,
          glass_columns_b, glass_columns_b
D:2:      minmay_alternating_diamond, layout_loops_ring, uniq_sigmund

Skill      XL: |  1  2 |
---------------+-------+-----
Hexes          | 3 4 |  4.1
Dodging        | 2 |  2.5
Throwing       | 3 |  3.2
Unarmed Combat | 1 |  1.0
Fighting       | |  1.5
Stealth        | |  0.4
Spellcasting   | |  1.2

Action                   |  1- 3 |  4- 6 || total
-------------------------+-------+-------++-------
Melee: Unarmed           |    17 |    19 ||    36
       Scythe            |       |     5 ||     5
Throw: Large rock        |    16 |     5 ||    21
       Throwing net      |     4 |     1 ||     5
  Use: Scroll            |       |     2 ||     2
       Potion            |       |     1 ||     1
 Stab: Held in net/web   |     2 |       ||     2
Armor: Robe              |     2 |     5 ||     7
Dodge: Dodged            |     4 |    23 ||    27
